 Dungeon Crawl Stone Soup version 0.27-a0-1416-g941b2bd30b (webtiles) character file.

Game seed: 16551101156300482189

312713 octoduck the Severer (level 21, -4/179 (191) HPs)
             Began as a Hill Orc Fighter on July 1, 2021.
             Was a High Priest of Makhleb.
             Killed by a resonance strike
             ... invoked by a ragged hierophant
             ... summoned by a halazid warlock
              (17 damage)
             ... in the Desolation of Salt on July 2, 2021.
             The game lasted 04:12:02 (64709 turns).

octoduck the Severer (Hill Orc Fighter)            Turns: 64709, Time: 04:12:03

HP:   -4/179 (191)  AC: 40    Str: 23    XL:     21   Next: 31%
MP:   31/31         EV: 12    Int: 17    God:    Makhleb [*****.]
Gold: 1957          SH: 15    Dex: 16    Spells: 8/20 levels left

rFire    + + .     SeeInvis .   d - +1 broad axe (drain)
rCold    + + .     Faith    +   T - +2 shield of Resistance {rF++ rC++ Will++}
rNeg     + . .     Spirit   .   x - +10 plate armour "Fasic" {Str+4}
rPois    +         Reflect  .   L - +0 helmet
rElec    +         Harm     .   k - +2 cloak
rCorr    +         Rampage  +   i - +3 pair of gauntlets of War {Slay+5}
Will     +++..                  A - +0 pair of boots {rampage}
Stlth    ..........             f - amulet of faith
HPRegen  0.39/turn              Z - ring of resist corrosion
MPRegen  0.22/turn              X - ring of Mufiach {rElec rPois rN+ Str-4 Int+9}

@: mighty, drained
A: no striking features
}: 2/15 runes: decaying, serpentine
a: Renounce Religion, Minor Destruction, Lesser Servant of Makhleb, Major
Destruction, Greater Servant of Makhleb


You were in the Desolation of Salt.
You worshipped Makhleb.
Makhleb was extremely pleased with you.
You visited 7 branches of the dungeon, and saw 36 of its levels.
You also visited: Ice Cave and Desolation.

You collected 4028 gold pieces.
You spent 2071 gold pieces at shops.

Inventory:

Hand Weapons
 d - a +1 broad axe of draining (weapon)
 j - a +0 hand axe of flaming
 y - the +11 battleaxe of the Glimmering Genius {antimagic, +Blink Will+}
   (You found it in the Desolation of Salt)

   It reduces the magical energy of the wielder, and disrupts the spells and
   magical abilities of those hit.
   Natural abilities and divine invocations are not affected.
   +Blink:    It lets you blink.
   Will:      It increases your willpower.
Missiles
 e - 23 boomerangs (quivered)
 o - 14 javelins
 R - 4 boomerangs of dispersal
Armour
 i - the +3 pair of gauntlets of War (worn) {Slay+5}
   (You found it in an ice cave)

   Slay:      It affects your accuracy & damage with ranged weapons and melee
   (+5).
 k - a +2 cloak (worn)
 x - the +10 plate armour "Fasic" (worn) {Str+4}
   (You bought it in a shop on level 2 of the Orcish Mines)

   Str:       It affects your strength (+4).
 A - a +0 pair of boots of rampaging (worn)
 L - a +0 helmet (worn)
 P - a +0 pair of boots of flying
 T - the +2 shield of Resistance (worn) {rF++ rC++ Will++}
   (You found it on level 5 of the Lair of Beasts)

   rF:        It greatly protects you from fire.
   rC:        It greatly protects you from cold.
   Will:      It greatly increases your willpower.
Jewellery
 f - an amulet of faith (around neck)
 B - a ring of see invisible
 X - the ring of Mufiach (right hand) {rElec rPois rN+ Str-4 Int+9}
   (You found it on level 6 of the Lair of Beasts)

   [ring of positive energy]

   Str:       It affects your strength (-4).
   Int:       It affects your intelligence (+9).
   rElec:     It insulates you from electricity.
   rPois:     It protects you from poison.
   rN:        It protects you from negative energy.
 Z - a ring of resist corrosion (left hand)
Wands
 a - a wand of acid (12)
 n - a wand of iceblast (46)
 q - a wand of digging (27)
 w - a wand of flame (87)
 V - a wand of polymorph (10)
 W - a wand of charming (19)
Scrolls
 c - 5 scrolls of silence
 p - 2 scrolls of summoning
 r - 7 scrolls of magic mapping
 s - a scroll of brand weapon
 C - 4 scrolls of blinking
 D - 4 scrolls of fear
 E - 3 scrolls of immolation
 H - 2 scrolls of enchant armour
 I - 17 scrolls of identify
 J - 9 scrolls of teleportation
 O - 5 scrolls of fog
 Q - 4 scrolls of amnesia
 U - 4 scrolls of enchant weapon
 Y - a scroll of holy word
Potions
 b - a potion of berserk rage
 h - a potion of cancellation
 l - 12 potions of brilliance
 m - 6 potions of lignification
 t - 4 potions of magic
 u - 2 potions of ambrosia
 v - a potion of haste
 z - 15 potions of curing
 F - 5 potions of resistance
 G - 8 potions of heal wounds
 K - 3 potions of might
 N - 6 potions of flight


   Skills:
 - Level 17.2 Fighting
 - Level 20.2 Axes
 - Level 7.2(9.1) Slings
 - Level 9.4 Bows
 - Level 8.5(9.7) Throwing
 - Level 17.4 Armour
 + Level 11.4 Dodging
 - Level 6.6 Stealth
 - Level 12.6 Shields
 - Level 7.6 Translocations
 - Level 14.3 Invocations


You had 8 spell levels left.
You knew the following spells:

 Your Spells              Type           Power      Damage    Failure   Level
a - Blink                 Tloc           N/A        N/A       16%         2
b - Apportation           Tloc           50%        N/A       11%         1
c - Lesser Beckoning      Tloc           12%        N/A       30%         3
d - Gell's Gravitas       Tloc           12%        N/A       30%         3
e - Teleport Other        Tloc           25%        N/A       30%         3

Your spell library contained the following spells:

 Spells                   Type           Power      Damage    Failure   Level
 Passage of Golubria      Tloc           N/A        N/A       71%         4
 Animate Skeleton         Necr           0%         N/A       93%         1
 Beastly Appendage        Tmut           0%         N/A       93%         1
 Corona                   Hex            0%         N/A       93%         1
 Foxfire                  Conj/Fire      0%         2x1d4     93%         1
 Pain                     Necr           0%         1d4       93%         1
 Sandblast                Erth           0%         2d4       93%         1
 Sting                    Tmut/Pois      0%         1d3       93%         1
 Summon Small Mammal      Summ           0%         N/A       93%         1
 Manifold Assault         Tloc           25%        N/A       96%         5
 Call Imp                 Summ           0%         N/A       98%         2
 Corpse Rot               Necr/Air       N/A        N/A       98%         2
 Ensorcelled Hibernation  Hex/Ice        0%         N/A       98%         2
 Passwall                 Tmut/Erth      0%         N/A       98%         2
 Sublimation of Blood     Necr           0%         N/A       98%         2
 Wereblood                Tmut           0%         N/A       98%         2
 Iskenderun's Mystic Bla  Conj/Tloc      12%        2d5       99%         4
 Call Canine Familiar     Summ           0%         N/A       100%        3
 Confusing Touch          Hex            0%         N/A       100%        3
 Dazzling Flash           Conj/Hex       0%         N/A       100%        3
 Ozocubu's Armour         Ice            0%         N/A       100%        3
 Spider Form              Tmut/Pois      0%         N/A       100%        3
 Summon Guardian Golem    Hex/Summ       0%         N/A       100%        3
 Swiftness                Air            0%         N/A       100%        3
 Tukima's Dance           Hex            0%         N/A       100%        3
 Vampiric Draining        Necr           0%         2d6       100%        3
 Animate Dead             Necr           0%         N/A       100%        4
 Dispel Undead            Necr           0%         3d6       100%        4
 Summon Ice Beast         Ice/Summ       0%         N/A       100%        4
 Summon Lightning Spire   Summ/Air       0%         N/A       100%        4
 Agony                    Necr           0%         N/A       100%        5
 Borgnjor's Vile Clutch   Necr/Erth      0%         N/A       100%        5
 Lee's Rapid Deconstruct  Erth           0%         3d5*      100%        5
 Silence                  Hex/Air        0%         N/A       100%        5
 Conjure Ball Lightning   Conj/Air       0%         3x3d6     100%        6
 Death Channel            Necr           0%         N/A       100%        6
 Dispersal                Tloc           12%        N/A       100%        6
 Invisibility             Hex            0%         N/A       100%        6
 Starburst                Conj/Fire      0%         8x6d3     100%        6
 Ozocubu's Refrigeration  Ice            0%         4d5       100%        7
 Storm Form               Tmut/Air       0%         N/A       100%        7
 Summon Hydra             Summ           0%         N/A       100%        7
 Discord                  Hex            0%         N/A       100%        8
 Disjunction              Tloc           12%        N/A       100%        8
 Ignition                 Fire           0%         3d3       100%        8
 Lehudib's Crystal Spear  Conj/Erth      0%         10d2      100%        8
 Maxwell's Capacitive Co  Air            0%         ∞         100%        8
 Polar Vortex             Ice            0%         N/A       100%        9


Dungeon Overview and Level Annotations

Branches:
Dungeon (15/15)            Temple (0/1) D:4            Lair (6/6) D:11
  Swamp (4/4) Lair:3        Snake (4/4) Lair:2        Slime (0/5) Lair:6
    Orc (2/2) D:11            Elf (1/3) Orc:2        Vaults (0/5) D:14
 Depths (4/5) D:15          IceCv (visited)         Desolation (1/1)

Altars:
Ashenzari
Dithmenos
Elyvilon
Gozag
Hepliaklqana
Makhleb
Nemelex Xobeh
Okawaru
Sif Muna
Uskayaw
Vehumet
Xom
Yredelemnul
Zin
The Shining One
Beogh

Shops:
D:2 !   Orc:2 (!!:[   Snake:1 [*

Portals:
Hell: Depths:1 Depths:2 Depths:3
Abyss: Swamp:3
Pandemonium: Depths:3

Annotations:
D:5 Crazy Yiuf
D:10 2 transporters
D:12 2 transporters, Vuful's ghost, journeyman OpCj
Swamp:1 2 runed translucent doors, contendunt's ghost, adept MiFi
Swamp:3 4 transporters, Imidiu's ghost, adept GrEE


Message History

You closely miss the servant of whispers.
You closely miss the halazid warlock. You slash the saltling!
You hit the halazid warlock.
The servant of whispers dissolves into shadows!
The peacekeeper no longer looks unusually strong.
The saltling dissolves into shadows!
You block the saltling's attack. The peacekeeper bites you!
The peacekeeper claws you.
The halazid warlock gestures wildly while chanting.
The halazid warlock gestures at you while chanting.
The bolt of negative energy hits you! You partially resist.
You feel drained.
The bolt of negative energy hits the saltling.
The saltling completely resists.
The halazid warlock gestures at you while chanting.
The bolt of cold hits you!! You resist.
* * * LOW HITPOINT WARNING * * *
The bolt of cold hits the peacekeeper!!
The peacekeeper resists.
The bolt of cold hits the ragged hierophant!!!
The +4 glaive of protection hits you from afar!!
* * * LOW HITPOINT WARNING * * *
As you read the scroll of fear, it crumbles to dust.
You assume a fearsome visage.
The saltling is unaffected.
The peacekeeper is unaffected.
The saltling is unaffected. x2
The ragged hierophant resists with some effort.
The ragged hierophant looks frightened!
The peacekeeper is unaffected.
The +4 glaive of protection is unaffected.
The halazid warlock is unaffected. x2; The saltling is unaffected. x4
The ironbound convoker looks frightened!
The halazid warlock is unaffected.
The saltling no longer looks unusually strong.
The saltling dissolves into shadows!
The saltling no longer looks unusually strong.
The peacekeeper closely misses you.
The peacekeeper claws you but does no damage.
The peacekeeper bites you but does no damage.
The peacekeeper claws you.
* * * LOW HITPOINT WARNING * * *
You block the saltling's attack.
The ragged hierophant casts a spell at you.
A blast of power from the earth and the adjacent constructs strikes you!
You die...

.....#..... ###
........... ####
........... #####
........... §§§ ######
........... §§ ..§§######
........... §.§§§§§######
.........§§§§§88p(a######
..........§..§aLL88######
..........§§§§88@8§######
..............§L§§§######
.......##..§8.§8§§§######
...§§...#§§§§§§.§..######
.§§§§§...§§§§§..§8.######
§§§.§§§§...........######
§§....§§...........######
§§§..).§...........######
§§§....§.........§§####


You could see 2 ragged hierophants, 3 halazid warlocks, an ironbound convoker
(sheltered, fleeing), 2 peacekeepers, 6 saltlings and a +4 glaive of protection
(summoned).

Vanquished Creatures
  the Lernaean hydra (Swamp:4)
  Nikola (Depths:3)
  A golden dragon (Depths:3)
  Jorgrun (D:15)
  3 tentacled monstrosities (Depths:3)
  A deep elf blademaster (Depths:2)
  A quicksilver dragon (Depths:3)
  Gastronok (D:10)
  A sphinx (D:12)
  A tengu reaver (Depths:1)
  Agnes (D:15)
  A storm dragon (Depths:3)
  A shadow dragon (Depths:3)
  6 fire giants
  7 nagarajas
  An iron dragon (Depths:3)
  2 imperial myrmidons (Desolation)
  2 frost giants (Depths:3)
  Louise (Swamp:4)
  2 balrugs
  3 spriggan defenders
  A juggernaut zombie (D:15)
  8 very ugly things
  A reaper (Depths:3)
  5 stone giants
  4 bunyips
  A halazid warlock (Desolation)
  4 eleionomae
  A dire elephant (Lair:6)
  A minotaur (Depths:2)
  A blizzard demon (Depths:3)
  5 ettins
  6 fire dragons
  5 deep elf high priests
  6 ragged hierophants (Desolation)
  2 great orbs of eyes
  A yaktaur captain (D:12)
  28 hydras
  2 rakshasas
  3 ice dragons (Depths:3)
  2 spriggan air magi
  4 salamander tyrants
  15 naga warriors
  A catoblepas (Lair:6)
  A boulder beetle (D:12)
  2 peacekeepers (Desolation)
  3 servants of whispers (Desolation)
  An ogre mage (D:15)
  2 ghost crabs (Swamp:2)
  3 centaur warriors
  13 tengu warriors
  3 anacondas
  8 alligators
  7 death yaks
  7 deep troll earth magi
  3 deep troll shamans
  9 two-headed ogres
  3 vampire magi
  6 shock serpents
  4 hell hogs (Depths:3)
  8 spriggan berserkers
  10 naga sharpshooters
  4 orc high priests
  5 sun demons
  7 hell knights
  A deep elf knight (Elf:1)
  3 soul eaters (Depths:3)
  8 iron trolls
  9 skeletal warriors
  4 shadow wraiths
  A spark wasp zombie (D:15)
  A salamander mystic (Snake:3)
  A spriggan druid (Swamp:3)
  A flayed ghost (Depths:2)
  7 swamp dragons
  A goliath frog (Swamp:4)
  5 naga ritualists
  12 deep trolls
  3 glowing orange brains (Depths:3)
  2 quicksilver dragon simulacra (Depths:3)
  Pikel (D:8)
  4 deep elf zephyrmancers (Elf:1)
  3 wizards
  6 deep elf pyromancers
  3 orc knights
  3 ironbound convokers (Desolation)
  2 necromancers
  7 mana vipers
  2 oklob plants (Lair:1)
  3 cyclopes
  A wolf spider (D:10)
  4 manticores
  9 salamanders
  13 ugly things
  5 orc sorcerers
  10 elephants
  3 centaur zombies (D:10)
  Maurice (D:10)
  10 naga magi
  27 black mambas
  3 guardian serpents
  3 ice statues
  7 rime drakes
  A molten gargoyle (Desolation)
  Maggie (D:7)
  11 cane toads
  A torpor snail (Lair:5)
  2 freezing wraiths
  10 komodo dragons
  3 tengu conjurers (Depths:3)
  A bloated husk (Swamp:2)
  9 trolls
  9 tyrant leeches
  11 ice devils
  6 polar bears
  28 saltlings (Desolation)
  Prince Ribbit (D:7)
  A merfolk (shapeshifter) (D:7)
  6 hornets
  13 blink frogs
  A slime creature (D:12)
  5 dream sheep (Lair:3)
  A spriggan zombie (D:15)
  A meliai zombie (D:11)
  2 vampires (D:11)
  A centaur simulacrum (D:10)
  15 spriggans
  5 wraiths
  An ettin skeleton (D:15)
  5 water elementals
  3 wyverns
  50 yaks
  Grum (D:10)
  A human (shapeshifter) (D:13)
  4 basilisks
  8 vampire mosquitoes
  A steam dragon (D:10)
  59 nagas
  Menkaure (D:7)
  5 wargs
  An acid dragon (D:9)
  17 swamp worms
  13 water moccasins
  A floating eye (Depths:3)
  20 orc warriors
  8 swamp drakes
  2 sky beasts
  4 black bears
  3 ettin simulacra (Depths:3)
  2 necrophages (D:6)
  8 ogres
  30 wolves
  3 boggarts (Lair:5)
  3 lemures
  4 centaurs
  A kobold brigand (D:10)
  11 bullfrogs
  3 scorpions
  A gnoll sergeant (D:7)
  A water moccasin skeleton (D:4)
  20 killer bees
  7 wights
  4 electric eels
  5 howler monkeys
  2 bullfrog zombies
  18 orc priests
  2 bullfrog skeletons (D:5)
  5 hounds
  A gnoll shaman (D:6)
  14 jellies
  A centaur skeleton (D:6)
  2 iguanas
  Ijyb (D:5)
  8 hell rats
  22 orc wizards
  A killer bee zombie (D:7)
  A hound skeleton (D:5)
  5 adders
  8 gnolls
  A howler monkey skeleton (D:6)
  4 river rats (Lair:3)
  A shadow imp (D:6)
  13 white imps
  7 ufetubi
  A worm (D:2)
  2 dart slugs (D:5)
  55 orcs
  13 ball pythons
  7 endoplasms
  3 giant cockroaches
  7 goblins
  5 hobgoblins
  7 jackals
  5 kobolds
  2 quokkas
  4 bats
  5 frilled lizards
  A quokka skeleton (D:4)
  9 rats
  A bush (Lair:3)
1144 creatures vanquished.

Vanquished Creatures (collateral kills)
  A juggernaut (Depths:2)
  Bai Suzhen (Swamp:3)
  the Enchantress (Depths:2)
  A tengu reaver (Depths:3)
  Kirke (Swamp:4)
  A frost giant (Depths:2)
  A fire giant (Depths:2)
  Aizul (Swamp:4)
  2 spriggan defenders (Depths:2)
  2 bunyips (Swamp:4)
  2 eleionomae
  2 shambling mangroves
  2 ragged hierophants (Desolation)
  A naga warrior (Snake:1)
  2 hydras (Swamp:4)
  A servant of whispers (Desolation)
  A centaur warrior (D:15)
  A spriggan air mage (Depths:2)
  2 spriggan berserkers
  Sonja (Lair:1)
  A skeletal warrior (Depths:3)
  2 spriggan druids (Swamp:4)
  A goliath frog (Swamp:4)
  3 swamp dragons
  A bog body (Swamp:4)
  An ironbound convoker (Desolation)
  An orc knight (Orc:1)
  2 manticores
  A cyclops (D:15)
  5 ugly things
  2 hornets (Swamp:4)
  2 tyrant leeches (Swamp:4)
  6 saltlings (Desolation)
  A spriggan (Depths:2)
  A wraith (D:12)
  A naga (Snake:1)
  2 orc warriors (Orc:1)
  2 wights (D:6)
  An orc (Orc:1)
63 creatures vanquished.

Vanquished Creatures (others)
  A reaper (IceCv)
  A wizard (Depths:1)
  A deep elf pyromancer (Elf:1)
  A bloated husk (Swamp:3)
  7 humans (Swamp:4)
  A floating eye (Depths:3)
  An ettin simulacrum (Depths:3)
  2 swamp drakes
  3 white imps (IceCv)
  4 ufetubi (IceCv)
  6 bushes (D:15)
  32 fungi
  57 plants
  4 withered plants (D:15)
121 creatures vanquished.

Grand Total: 1328 creatures vanquished

Notes
Turn   | Place    | Note
-------+----------+-------------------------------------------
     0 | D:1      | octoduck the Hill Orc Fighter began the quest for the Orb.
     0 | D:1      | Reached XP level 1. HP: 19/19 MP: 1/1
    25 | D:1      | Reached skill level 3 in Axes
    80 | D:1      | Reached XP level 2. HP: 20/26 MP: 2/2
   252 | D:1      | Reached skill level 4 in Axes
   658 | D:1      | Found a faded altar of an unknown god.
   744 | D:1      | Reached XP level 3. HP: 31/31 MP: 3/3
  1033 | D:2      | Found Qap Eva's Distillery.
  1041 | D:2      | Bought a potion of curing for 36 gold pieces
  1187 | D:2      | Reached skill level 5 in Axes
  1404 | D:2      | Got the Papyrus of Flames and Changing
  1743 | D:2      | Reached XP level 4. HP: 39/39 MP: 4/4
  1895 | D:3      | Reached skill level 6 in Axes
  2228 | D:3      | Found a glowing silver altar of Zin.
  2371 | D:3      | Found a burning altar of Makhleb.
  2399 | D:3      | Became a worshipper of Makhleb the Destroyer
  2426 | D:3      | Reached XP level 5. HP: 44/45 MP: 5/5
  2895 | D:4      | Found a radiant altar of Vehumet.
  2926 | D:4      | Reached skill level 7 in Axes
  3112 | D:3      | Reached skill level 8 in Axes
  3112 | D:3      | Reached XP level 6. HP: 5/51 MP: 6/6
  3506 | D:4      | Found a staircase to the Ecumenical Temple.
  4055 | D:5      | Entered Level 5 of the Dungeon
  4552 | D:5      | Reached skill level 9 in Axes
  4673 | D:5      | Found a runed translucent door.
  4673 | D:5      | You fall into a shaft and drop 1 floor!
  4690 | D:5      | Noticed Crazy Yiuf
  4805 | D:5      | Reached XP level 7. HP: 55/57 MP: 7/7
  4845 | D:5      | Reached skill level 10 in Axes
  4889 | D:5      | Reached * piety under Makhleb
  5154 | D:5      | Noticed Ijyb
  5182 | D:5      | Reached skill level 11 in Axes
  5457 | D:5      | Killed Ijyb
  5620 | D:6      | Reached XP level 8. HP: 64/64 MP: 8/8
  5884 | D:6      | Reached skill level 12 in Axes
  6428 | D:6      | Found a shimmering blue altar of Sif Muna.
  6601 | D:7      | Noticed Menkaure
  6615 | D:7      | Killed Menkaure
  6615 | D:7      | Reached ** piety under Makhleb
  6616 | D:7      | Reached skill level 13 in Axes
  6728 | D:7      | Noticed Prince Ribbit
  7443 | D:7      | Reached XP level 9. HP: 55/70 MP: 9/9
  7447 | D:7      | Reached skill level 14 in Axes
  7779 | D:7      | Killed Prince Ribbit
  7780 | D:7      | Reached skill level 5 in Fighting
  8103 | D:7      | Noticed a two-headed ogre
  8300 | D:7      | Found a sparkling altar of Nemelex Xobeh.
  8310 | D:7      | Reached skill level 5 in Armour
  8666 | D:7      | Noticed Maggie
  8686 | D:7      | Killed Maggie
  9026 | D:8      | Noticed a rakshasa
  9116 | D:9      | Noticed a troll
  9136 | D:8      | Noticed a komodo dragon
  9202 | D:8      | Noticed a death drake
  9452 | D:6      | Killed a two-headed ogre
  9453 | D:6      | Reached XP level 10. HP: 31/88 MP: 10/10
  9825 | D:7      | Reached *** piety under Makhleb
 10426 | D:8      | Found a shimmering altar of Xom.
 10426 | D:8      | Found an iron altar of Okawaru.
 10433 | D:8      | Found a basalt altar of Yredelemnul.
 10435 | D:8      | Found a glowing golden altar of the Shining One.
 10437 | D:8      | Found an opulent altar of Gozag.
 10471 | D:8      | Noticed Pikel
 10737 | D:8      | Killed Pikel
 10738 | D:8      | Reached skill level 5 in Shields
 11683 | D:9      | Reached skill level 1 in Invocations
 12248 | D:9      | Found a white marble altar of Elyvilon.
 12606 | D:10     | Entered Level 10 of the Dungeon
 12633 | D:10     | Noticed a two-headed ogre
 12645 | D:9      | Reached skill level 15 in Axes
 12645 | D:9      | Reached skill level 5 in Invocations
 12754 | D:10     | Noticed Gastronok
 12928 | D:10     | Reached XP level 11. HP: 97/97 MP: 13/15
 13035 | D:10     | Found a transporter.
 13039 | D:10     | Found a hazy altar of Hepliaklqana.
 13039 | D:10     | Noticed a yaktaur captain
 13041 | D:10     | Noticed a five-headed hydra
 13070 | D:10     | Noticed Maurice
 13090 | D:10     | Killed Maurice
 13208 | D:10     | Killed Gastronok
 13362 | D:10     | Noticed a two-headed ogre
 13434 | D:10     | Identified the amulet of Titi {Spirit Drain rF+ Stlth+}
 13434 | D:10     | Noticed a tengu warrior
 14285 | D:7      | Killed a two-headed ogre
 14678 | D:7      | Killed a rakshasa
 14894 | D:10     | Noticed a cyclops
 14918 | D:10     | Found a transporter.
 14938 | D:10     | Noticed Grum
 14965 | D:10     | Reached skill level 16 in Axes
 15123 | D:10     | Killed Grum
 15876 | D:10     | Noticed a wolf spider
 16008 | D:10     | Noticed a manticore
 16017 | D:10     | Killed a manticore
 16066 | D:10     | Killed a two-headed ogre
 16300 | D:10     | Reached skill level 17 in Axes
 16305 | D:10     | Reached **** piety under Makhleb
 16335 | D:10     | Found a broken altar of Ashenzari.
 16542 | D:10     | Reached skill level 1 in Stealth
 16967 | D:10     | Reached XP level 12. HP: 104/104 MP: 18/18
 17385 | D:10     | Noticed a two-headed ogre
 17398 | D:10     | Killed a two-headed ogre
 17399 | D:10     | Reached skill level 18 in Axes
 18164 | D:11     | Found a staircase to the Orcish Mines.
 18537 | D:11     | Found a staircase to the Lair.
 19204 | D:11     | Reached skill level 5 in Stealth
 19635 | D:2      | Bought a potion of lignification for 36 gold pieces
 19635 | D:2      | Bought a potion of heal wounds for 60 gold pieces
 19635 | D:2      | Bought 2 potions of curing for 72 gold pieces
 19635 | D:2      | Bought a potion of heal wounds for 60 gold pieces
 19874 | D:12     | Noticed a boulder beetle
 19937 | Lair:1   | Entered Level 1 of the Lair of Beasts
 20005 | Lair:1   | Reached ***** piety under Makhleb
 20375 | Lair:1   | Noticed Sonja
 20396 | Lair:1   | Killed Sonja
 20397 | Lair:1   | Reached skill level 10 in Fighting
 21577 | Lair:2   | Noticed a six-headed hydra
 21598 | Lair:2   | Killed a one-headed hydra
 21599 | Lair:2   | Reached skill level 10 in Armour
 21599 | Lair:2   | Reached XP level 13. HP: 115/115 MP: 19/19
 21915 | Lair:2   | Found a staircase to the Snake Pit.
 24506 | Lair:3   | Found a staircase to the Swamp.
 24770 | Lair:4   | Reached skill level 1 in Bows
 25163 | Lair:4   | Reached skill level 10 in Invocations
 25181 | Lair:4   | Reached ****** piety under Makhleb
 25277 | Lair:4   | Reached XP level 14. HP: 127/127 MP: 21/21
 26613 | Lair:5   | Reached skill level 5 in Bows
 26992 | Lair:5   | Found the +2 shield of Resistance {rF++ rC++ Will++}
 27649 | Lair:5   | Reached skill level 10 in Shields
 27988 | Lair:6   | Entered Level 6 of the Lair of Beasts
 28846 | Lair:6   | Upgraded the game from 0.27-a0-1384-g1422d76b99 to
                  | 0.27-a0-1416-g941b2bd30b
 28876 | Lair:6   | Found a staircase to the Slime Pits.
 29845 | Lair:6   | Noticed a dire elephant
 29855 | Lair:6   | Killed a dire elephant
 29868 | Lair:6   | Identified the ring of Mufiach {rElec rPois rN+ Str-4
                  | Int+9}
 30067 | D:12     | Found a transporter.
 30069 | D:12     | Noticed Vuful's ghost (journeyman OpCj)
 30130 | D:11     | Reached XP level 15. HP: 102/134 MP: 23/23
 30496 | D:12     | Found a transporter.
 31261 | D:12     | Noticed a sphinx
 31273 | D:12     | Killed a sphinx
 31617 | Orc:1    | Entered Level 1 of the Orcish Mines
 31739 | Orc:1    | Found a frozen archway.
 31787 | IceCv    | Entered an ice cave
 32058 | IceCv    | Found the +3 pair of gauntlets of War {Slay+5}
 32718 | Orc:1    | Found a roughly hewn altar of Beogh.
 32991 | Orc:2    | Entered Level 2 of the Orcish Mines
 33290 | Orc:2    | Found a roughly hewn altar of Beogh.
 33430 | Orc:2    | Found Ixtufem's Armour Shop.
 33528 | Orc:2    | Found a staircase to the Elven Halls.
 34391 | Orc:2    | Found Nujadak's Book Shoppe.
 34391 | Orc:2    | Found Omalaf's Distillery.
 34393 | Orc:2    | Found Koqo Fim's Weapon Boutique.
 34403 | Orc:2    | Found Ketu's Distillery.
 34408 | Orc:2    | Bought a potion of haste for 180 gold pieces
 34499 | Orc:2    | Bought the +10 plate armour "Fasic" {Str+4} for 1237 gold
                  | pieces
 34566 | Orc:2    | Bought a book of Spatial Translocations for 390 gold pieces
 34569 | Orc:2    | Learned a level 2 spell: Blink
 34732 | Swamp:1  | Entered Level 1 of the Swamp
 35152 | Swamp:1  | Reached skill level 1 in Translocations
 35874 | Swamp:1  | Identified the +1 pair of boots "Neuvi" {Stlth+}
 35924 | Swamp:1  | Reached XP level 16. HP: 141/146 MP: 26/26
 36066 | Swamp:1  | Found a large runed translucent door.
 36066 | Swamp:1  | Found a large runed translucent door.
 36070 | Swamp:1  | Noticed contendunt's ghost (adept MiFi)
 37371 | Swamp:3  | Found a transporter.
 37527 | Swamp:3  | Found a transporter.
 37754 | Swamp:3  | Reached skill level 1 in Throwing
 37870 | Swamp:3  | Reached skill level 5 in Translocations
 38018 | Swamp:3  | Found a transporter.
 38019 | Swamp:3  | Noticed a tentacled starspawn
 38032 | Swamp:3  | Found a transporter.
 38048 | Swamp:3  | Noticed a tentacled monstrosity
 38073 | Swamp:3  | Found a one-way gate to the infinite horrors of the Abyss.
 38073 | Swamp:3  | Noticed Imidiu's ghost (adept GrEE)
 38268 | Swamp:3  | Noticed Bai Suzhen
 38285 | Swamp:3  | Killed Bai Suzhen
 38635 | Swamp:4  | Entered Level 4 of the Swamp
 38635 | Swamp:4  | Noticed Louise
 38715 | Swamp:4  | Noticed Aizul
 38724 | Swamp:4  | Killed Aizul
 38848 | Swamp:4  | Noticed Kirke
 38854 | Swamp:4  | Killed Kirke
 38900 | Swamp:4  | Killed Louise
 39109 | Swamp:4  | Noticed the 27-headed Lernaean hydra
 39117 | Swamp:4  | Killed the 23-headed Lernaean hydra
 39118 | Swamp:4  | Reached skill level 5 in Throwing
 39967 | Swamp:4  | Reached XP level 17. HP: 148/152 MP: 27/27
 40496 | Swamp:4  | Got a decaying rune of Zot
 42865 | D:14     | Found a gate to the Vaults.
 43566 | D:15     | Entered Level 15 of the Dungeon
 43822 | D:15     | Noticed Jorgrun
 43830 | D:15     | Killed Jorgrun
 44527 | D:15     | Found a staircase to the Depths.
 44640 | D:15     | Noticed Agnes
 44651 | D:15     | Killed Agnes
 45115 | Snake:1  | Entered Level 1 of the Snake Pit
 45120 | Snake:1  | Found Gokhleax's Assorted Antiques.
 45138 | Snake:1  | Identified the +8 spear "Vewkepto" {flame, Int-5 Dex+7}
 45525 | Snake:1  | Found Naren's Antique Armour Shop.
 45723 | Snake:1  | You are sucked into a shaft and drop 1 floor!
 47177 | Snake:2  | Reached skill level 15 in Fighting
 48239 | Snake:3  | Reached XP level 18. HP: 163/163 MP: 28/28
 49828 | Snake:3  | Learned a level 1 spell: Apportation
 49832 | Snake:3  | Learned a level 3 spell: Lesser Beckoning
 49833 | Snake:4  | Entered Level 4 of the Snake Pit
 50412 | Snake:4  | Reached skill level 15 in Armour
 51240 | Snake:4  | Identified the +5 long sword of Popt {flame, rN+ Int+3
                  | Dex+4 SInv}
 52087 | Snake:4  | Got a serpentine rune of Zot
 52419 | Depths:1 | Entered Level 1 of the Depths
 52566 | Depths:1 | Found a glowing golden altar of the Shining One.
 52820 | Depths:1 | Found a gateway to Hell.
 53688 | Depths:2 | Noticed the Enchantress
 53840 | Depths:1 | Reached skill level 1 in Slings
 53840 | Depths:1 | Reached XP level 19. HP: 137/177 MP: 29/29
 54516 | Depths:2 | Killed the Enchantress
 55240 | Depths:2 | Noticed a juggernaut
 55352 | Depths:2 | Killed a juggernaut
 55353 | Depths:2 | Reached skill level 5 in Slings
 57357 | Depths:3 | Noticed Nikola
 57368 | Depths:3 | Killed Nikola
 57771 | Depths:3 | Reached skill level 1 in Dodging
 57921 | Depths:3 | Paralysed by a floating eye for 3 turns
 58522 | Depths:3 | Found a hide-covered altar of Uskayaw.
 58603 | Depths:3 | Reached skill level 19 in Axes
 58603 | Depths:3 | Reached XP level 20. HP: 161/184 MP: 30/30
 59739 | Depths:3 | Found a broken altar of Ashenzari.
 60032 | Depths:3 | Reached skill level 20 in Axes
 60694 | Depths:3 | Found a shimmering altar of Xom.
 60798 | Depths:3 | Reached skill level 5 in Dodging
 61169 | Depths:3 | Identified the +3 scale mail "Muminev" {rN+++ Str-5 Dex+6
                  | Slay-2}
 61297 | Depths:3 | Noticed a golden dragon
 61685 | Depths:3 | Killed a golden dragon
 62708 | Depths:3 | Found a shadowy altar of Dithmenos.
 62814 | Depths:3 | Learned a level 3 spell: Gell's Gravitas
 62818 | Depths:3 | Learned a level 3 spell: Teleport Other
 63157 | Depths:3 | Found a one-way gate leading to the halls of Pandemonium.
 63866 | Elf:1    | Entered Level 1 of the Elven Halls
 63898 | Elf:1    | Reached XP level 21. HP: 179/191 MP: 31/31
 63968 | Elf:1    | Reached skill level 10 in Dodging
 64037 | Elf:1    | Found a ruined gateway.
 64065 | Desolati | Entered the Desolation of Salt
 64212 | Desolati | Identified the +6 shortbow of the Forest {flame, Str+4}
 64510 | Desolati | Identified the +11 battleaxe of the Glimmering Genius
                  | {antimagic, +Blink Will+}
 64535 | Desolati | Identified the +5 war axe of the Eternal Warrior {drain,
                  | +Rage rF++ rC- Str-4}
 64536 | Desolati | Identified the amulet of Verph {Acrobat Int+3}
 64709 | Desolati | Killed from afar by a ragged hierophant

Illustrated notes

Levels and vault maps discovered:
D:1:      nzn_arrival_depleted_hourglass, layout_basic,
          shapermc_ecumenical_altar_venn, moated_statue, minmay_misc_feat_doors
D:2:      layout_basic, serial_shops, nicolae_shop_crystal,
          kennysheep_generic_room_12
D:3:      layout_loops_ring, old_standard_altar, lemuel_doored_altar,
          chequers_serial_rivers_small_3
D:4:      layout_gridville, nicolae_vehumet_altar_sigil,
          minmay_temple_entry_ruins, corexii_item_surrounded_by_moat
D:5:      layout_rooms, uniq_ijyb, uniq_crazy_yiuf_cottage
D:6:      layout_loops_ring, led_sif_book
D:7:      layout_gridville, nemelex_dance_club_becter,
          minmay_misc_feat_four_crosses, uniq_maggie, uniq_menkaure,
          uniq_prince_ribbit1
D:8:      layout_cave_pools, chequers_temple_overflow_minitemple, minivault_27,
          hangedman_decor_diamond_cutter, kennysheep_crisscross, uniq_pikel
D:9:      layout_roguey, elyvilon_altar_5
D:10:     layout_grid_maze, kennysheep_little_box,
          gammafunk_temple_overflow_arena, minmay_the_grid_2x2
          [minmay_the_grid_garden, minmay_the_grid_stretched_grid,
          minmay_the_grid_embedded, minmay_the_grid_prize_big_room],
          uniq_gastronok, uniq_maurice, uniq_grum
D:11:     layout_rooms, david_lair_generic, erik_orc_3,
          kennysheep_generic_room_9
D:12:     minmay_octo_star, layout_cave_pools, gammafunk_ghost_stat_death
D:13:     layout_layer_cave
D:14:     layout_basic, david_vaults_1, serial_bayou_ford_a
D:15:     gammafunk_depths_entry_grave, layout_basic, serial_park_paths
          [serial_park_minivault_5x5_3], hex_medium, uniq_agnes, uniq_jorgrun
Lair:1:   wad_woods_04, layout_gridlike, grunt_forest_large_clearing_hut,
          minmay_lair_oklob_chamber, lemuel_fruit_tree, uniq_sonja
Lair:2:   layout_roguey, guppyfry_snake_entry_garden, grunt_megastairs_3,
          serial_bayou_shore_a, serial_bayou_shore_b
Lair:3:   layout_gridlike, palyth_hydra_swamp_entry, st_stairs_4,
          kennysheep_abandoned_house, grunt_megastairs_4
Lair:4:   layout_cave_pods, grunt_megastairs_5
Lair:5:   kb_forest_paths, layout_long_grid
Lair:6:   grunt_lair_end_beastmaster, layout_big_grid,
          minmay_slime_entry_jelly_boxes, infiniplex_staircase_pool
Swamp:1:  nicolae_swamp_wrong_neighborhood, layout_basic_swamp,
          ebering_ghost_disaster_area, evilmike_swamp_ruin_rubble_2, swamp_pool2
Swamp:2:  layout_falls_marsh, evilmike_swamp_ruin_house_4, swamp_pool4,
          infiniplex_staircase_pool_2
Swamp:3:  gammafunk_worm_tunnel, layout_basic_swamp,
          gammafunk_ghost_abyssal_escape, evilmike_swamp_ruin_house_3,
          uniq_bai_suzhen
Swamp:4:  swamp_old_school, layout_basic_swamp, uniq_aizul, uniq_louise,
          uniq_kirke
Snake:1:  layout_onion, serial_shops, shop_statue, shop,
          nicolae_snake_gridmaze_spiral
Snake:2:  layout_chambers, serial_bayou_shore_b
Snake:3:  layout_basic
Snake:4:  minmay_snake_end_coiled, layout_misc_corridors, st_stairs_8
Orc:1:    layout_caves, portal_ice_cave_entry_animals_and_master, mines1_david
Orc:2:    st_orc_elflike, layout_caves, basic_altar, serial_shops,
          nicolae_lakefront_shop
Elf:1:    eino_elf_arrival_customs, layout_geoelf_octagon,
          portal_desolation_entry_nicolae_slug, kennysheep_underground_church
Depths:1: layout_cave_pools, hell_entry, tso_metal_star
Depths:2: minmay_outward_triangles, layout_cave_shapes, lightli_too_deep,
          chequers_serial_rivers_room_b, wheals_unrand_guarded_autumn_katana,
          uniq_enchantress
Depths:3: grunt_profane_halls [grunt_profane_temple_dis,
          grunt_profane_temple_coc, grunt_profane_temple_tar,
          grunt_profane_temple_geh, grunt_profane_loot], hell_entry, pan_entry,
          uniq_nikola
Depths:4: minmay_four_inscribed_fans, layout_cave_pools, pf_coc_iceberg,
          abyss_entry, fedhas_altar_1, uniq_saint_roka
Desolation

Skill      XL: |  1  2  3  4  5  6  7  8  9 10 11 12 13 14 15 16 17 18 19 20 21 |
---------------+----------------------------------------------------------------+-----
Axes           | 3 4 5 6 8 9 11 13 14 15 17 18 19 20 | 20.2
Fighting       | 7 9 10 12 14 15 17 | 17.2
Armour         | 7 10 11 13 15 17 | 17.4
Shields        | 6 9 11 12 | 12.6
Invocations    | 5 8 10 11 13 14 | 14.3
Stealth        | 1 5 6 |  6.6
Bows           | 3 8 9 |  9.4
Translocations | 3 7 |  7.6
Throwing       | 6 8 |  8.5
Slings         | 1 7 |  7.2
Dodging        | 2 9 11 | 11.4

Action                   |  1- 3 |  4- 6 |  7- 9 | 10-12 | 13-15 | 16-18 | 19-21 || total
-------------------------+-------+-------+-------+-------+-------+-------+-------++-------
Melee: War axe           |    91 |   140 |   285 |   658 |       |       |       ||  1174
       Broad axe         |       |       |       |    90 |  1414 |  1389 |  1274 ||  4167
       Hand axe          |       |       |       |     9 |   116 |   111 |       ||   236
 Fire: Shortbow          |       |       |       |       |     3 |       |       ||     3
       Fustibalus        |       |       |       |       |       |     2 |       ||     2
       Hunting sling     |       |       |       |       |       |       |    17 ||    17
Throw: Boomerang         |       |       |    19 |    35 |    10 |    38 |     6 ||   108
       Javelin           |       |       |       |       |       |    11 |       ||    11
Invok: Lesser Servant of |       |       |       |     3 |     5 |       |       ||     8
       Major Destruction |       |       |       |     1 |     7 |     5 |       ||    13
       Minor Destruction |       |       |       |       |     2 |       |       ||     2
       Greater Servant o |       |       |       |       |     1 |    11 |    12 ||    24
Evoke: Wand              |       |       |     3 |    14 |     1 |     9 |    13 ||    40
  Use: Scroll            |     2 |     9 |     8 |    11 |     3 |     4 |     1 ||    38
       Potion            |       |     3 |       |     1 |     1 |       |     2 ||     7
 Stab: Petrified         |       |       |       |       |     5 |       |       ||     5
       Petrifying        |       |       |       |       |     1 |       |       ||     1
       Confused          |       |       |       |       |       |     1 |     1 ||     2
       Distracted        |       |       |       |       |       |     2 |     8 ||    10
Armor: Scale mail        |    44 |    52 |    84 |       |       |       |       ||   180
       Plate armour      |       |       |    74 |   421 |   657 |   810 |   788 ||  2750
Dodge: Dodged            |    25 |    43 |    60 |   106 |   222 |   223 |   344 ||  1023
Block: Kite shield       |    56 |    79 |   159 |   388 |   777 |   914 |   821 ||  3194

Table legend: (Time is in decaauts)
 A = Elapsed time spent in this place.
 B = Non-inter-level travel time spent in this place.
 C = Inter-level travel time spent in this place.
 D = Time resting spent in this place.
 E = Time spent auto-exploring this place.
 F = Levels seen in this place.
 G = Mean time per level.
                   A        B        C        D        E       F      G
               +--------+--------+--------+--------+--------+-----+--------+
         Total |  64333 |  56951 |   7382 |  20058 |  20813 |  38 | 1693.0 |
       Dungeon |  26913 |  22629 |   4284 |   8460 |   8945 |  15 | 1794.2 |
          Lair |  10345 |   9137 |   1208 |   1812 |   4665 |   6 | 1724.2 |
         Swamp |   5939 |   5455 |    484 |   1836 |   2226 |   4 | 1484.8 |
     Snake Pit |   6962 |   6523 |    439 |   2152 |   2631 |   4 | 1740.5 |
  Orcish Mines |   2372 |   1948 |    424 |    485 |    830 |   2 | 1186.0 |
   Elven Halls |    187 |    172 |     15 |      5 |     14 |   1 |  187.0 |
        Depths |  10335 |   9809 |    526 |   5025 |   1473 |   4 | 2583.8 |
      Ice Cave |    671 |    671 |      0 |    195 |     27 |   1 |  671.0 |
    Desolation |    607 |    607 |      0 |     85 |      0 |   1 |  607.0 |
               +--------+--------+--------+--------+--------+-----+--------+

Top non-repeatable levels by time:
Depths:3: 4901 daAuts
     D:7: 3817 daAuts
    D:10: 3747 daAuts
Depths:2: 3496 daAuts
 Snake:4: 2298 daAuts
     D:6: 2227 daAuts
    D:11: 2075 daAuts
  Lair:3: 2036 daAuts
Depths:1: 1932 daAuts
     D:9: 1879 daAuts
 Swamp:4: 1873 daAuts
  Lair:5: 1831 daAuts
  Lair:6: 1742 daAuts
    D:15: 1670 daAuts
 Snake:3: 1635 daAuts
